 Dungeon Crawl Stone Soup version 0.19-a0-1608-g4cf22de (webtiles) character file.

2004 jacquesderrida the Carver (level 9, -2/42 HPs)
             Began as a Vine Stalker Skald on Sept 17, 2016.
             Slain by a deep elf archer
             ... wielding a +0 short sword
              (10 damage)
             ... on level 7 of the Dungeon.
             The game lasted 00:12:04 (2005 turns).

jacquesderrida the Carver (Vine Stalker Skald)      Turns: 2005, Time: 00:12:05

Health: -2/42      AC:  8    Str: 21    XL:     9   Next: 22%
Magic:  0/13       EV: 11    Int: 13    God:
Gold:   169        SH:  6    Dex: 15    Spells: 1 memorised, 11 levels left

rFire  . . .     SeeInvis .     t - +0 long sword
rCold  . . .     Gourm    .     b - +0 leather armour
rNeg   . . .     Faith    .     (no shield)
rPois  .         Spirit   +     g - +2 hat
rElec  .         Dismiss  .     m - +0 cloak
rCorr  .         Reflect  +     j - +1 pair of gloves
MR     +....     Harm     .     (no boots)
Stlth  +.........               v - +6 amulet of reflection
                                (no ring)
                                u - ring of wizardry

@: mighty
A: fangs 3, regeneration 1, magic shield, antimagic bite, no device heal 3, rot
immunity
a: no special abilities


You were on level 7 of the Dungeon.
You were not hungry.

You visited 1 branch of the dungeon, and saw 7 of its levels.

You collected 169 gold pieces.

Inventory:

Hand Weapons
 a - a +0 falchion
 t - a +0 long sword (weapon)
Missiles
 e - 2 javelins (quivered)
 C - 2 throwing nets
Armour
 b - a +0 leather armour (worn)
 g - a +2 hat (worn)
 j - a +1 pair of gloves (worn)
 m - a +0 cloak (worn)
 D - a +0 shield
Jewellery
 u - a ring of wizardry (left hand)
 v - a +6 amulet of reflection (around neck)
Wands
 B - a wand of disintegration (10/24)
Scrolls
 f - 2 scrolls of remove curse
 h - a scroll of enchant weapon {unknown}
 p - 2 scrolls of magic mapping {unknown}
 q - 2 scrolls of identify
 w - a scroll of noise {unknown}
 x - 2 scrolls of amnesia {unknown}
Potions
 i - 4 potions of curing
 l - a potion of mutation
 n - a potion of brilliance {unknown}
 o - a potion of degeneration {unknown}
 r - a potion of agility {unknown}
Books
 c - a book of Battle

   Spells                             Type                      Level
   a - Infusion                       Charms                       1
   b - Shroud of Golubria             Charms/Translocation         2
   c - Song of Slaying                Charms                       2
   d - Spectral Weapon                Hexes/Charms                 3
   e - Regeneration                   Charms/Necromancy            3
Comestibles
 d - 4 bread rations
 E - a meat ration


   Skills:
 - Level 1.7 Fighting
 + Level 10.8 Long Blades
 - Level 0.7 Armour
 - Level 0.7 Dodging
 - Level 2.1 Spellcasting
 - Level 3.0 Charms


You had 11 spell levels left.
You knew the following spells:

 Your Spells              Type           Power        Failure   Level  Hunger
a - Infusion              Chrm           #...         4%          1    ##.....


Dungeon Overview and Level Annotations

Branches:
Dungeon (7/15)
 Temple: D:4-7

Altars:
Fedhas
Uskayaw

Annotations:
D:5 Iwannabefree's ghost, novice HECj


Innate Abilities, Weirdness & Mutations

You have razor-sharp teeth.
Your natural rate of healing is unusually fast.
When hurt, damage is shared between your health and your magic reserves.
Your bite disrupts and absorbs the magic of your enemies.
Potions and wands cannot restore your health.
You are immune to rotting.


Message History

You miss the deep elf archer. You bite the deep elf archer!
The deep elf archer's magic leaks into the air.
You drain its magic.
You feel invigorated.
The deep elf archer is moderately wounded.
The deep elf archer points at you and mumbles some strange words.
You resist with some effort.
You slash the deep elf archer! You bite the deep elf archer!
The deep elf archer's magic leaks into the air.
You drain its magic.
The deep elf archer is severely wounded.
The deep elf archer unwields an uncursed longbow.
The deep elf archer wields an uncursed short sword.
The deep elf archer hits you with an uncursed short sword!
* * * LOW HITPOINT WARNING * * *
You barely miss the deep elf archer. You bite the deep elf archer!
The deep elf archer's magic leaks into the air.
You drain its magic.
You feel invigorated.
The deep elf archer is almost dead.
The deep elf archer hits you with an uncursed short sword!!
You die...

######### .####(#
..(e.<..###.###.#
.....##.##.÷.##÷#
####...(# #.# #.#
.###.##(# #S###.#
..##.##.###§e.#e####
..Z#[..........#.#.#
#..#.##.###...###e#
#....##.# ##.###@##
#.(#.##.# #.###.##
...#.##.# ## ##
..##..... .###.##.#
## ####.##....# .
..... #S ..#.# ..#
#.#.#


You could see a deep elf archer.

Vanquished Creatures
  A hippogriff (D:7)
  A two-headed ogre (D:7)
  2 orc warriors
  A wasp (D:7)
  3 sky beasts
  2 ogres
  3 bullfrogs (D:6)
  A wyvern skeleton (D:7)
  2 scorpions
  A killer bee (D:6)
  A bullfrog zombie (D:7)
  A crimson imp (D:7)
  A jelly (D:5)
  A bullfrog skeleton (D:4)
  A quasit (D:6)
  An iguana (D:5)
  Ijyb (D:3)
  4 worker ants
  3 orc wizards
  A hound skeleton (D:5)
  4 gnolls (D:6)
  4 adders
  An adder skeleton (D:4)
  2 worms (D:4)
  4 dart slugs
  3 leopard geckos
  5 orcs
  2 bats (D:1)
  A giant cockroach (D:1)
  3 goblins
  3 hobgoblins
  8 jackals
  A kobold (D:2)
  A quokka (D:7)
  A ball python (D:6)
  4 frilled lizards
  A giant cockroach zombie (D:5)
  A quokka skeleton (D:5)
  5 rats
86 creatures vanquished.

Notes
Turn   | Place    | Note
-------+----------+-------------------------------------------
     0 | D:1      | jacquesderrida the Vine Stalker Skald began the quest for the Orb.
     0 | D:1      | Reached XP level 1. HP: 11/11 MP: 4/4
     9 | D:1      | Reached skill level 2 in Long Blades
    77 | D:1      | Reached XP level 2. HP: 11/15 MP: 6/6
   281 | D:2      | Reached skill level 3 in Long Blades
   294 | D:2      | Reached XP level 3. HP: 18/18 MP: 7/7
   385 | D:3      | Noticed Ijyb
   397 | D:3      | Killed Ijyb
   451 | D:3      | Gained mutation: Your natural rate of healing is unusually fast. [Vine Stalker growth]
   451 | D:3      | Reached XP level 4. HP: 20/23 MP: 8/8
   506 | D:4      | Reached skill level 4 in Long Blades
   514 | D:4      | Reached XP level 5. HP: 18/26 MP: 6/9
   540 | D:4      | Reached skill level 5 in Long Blades
   568 | D:5      | Entered Level 5 of the Dungeon
   568 | D:5      | Found a blossoming altar of Fedhas.
   614 | D:5      | Found a hide-covered altar of Uskayaw.
   645 | D:4      | Noticed an ogre
   658 | D:4      | Killed an ogre
   658 | D:4      | Reached XP level 6. HP: 30/30 MP: 10/10
   811 | D:6      | Noticed an orc warrior
   856 | D:5      | Reached skill level 6 in Long Blades
   882 | D:5      | Noticed Iwannabefree's ghost (novice HECj)
   883 | D:5      | Noticed a necrophage
  1026 | D:6      | Reached XP level 7. HP: 25/34 MP: 7/11
  1038 | D:6      | Reached skill level 7 in Long Blades
  1201 | D:6      | Noticed a purple ugly thing
  1385 | D:7      | Noticed a hippogriff
  1385 | D:7      | Noticed a hill giant
  1388 | D:7      | Killed a hippogriff
  1388 | D:7      | Reached skill level 8 in Long Blades
  1388 | D:7      | Gained mutation: You have razor-sharp teeth. [Vine Stalker growth]
  1388 | D:7      | Reached XP level 8. HP: 38/38 MP: 12/12
  1389 | D:7      | Noticed a two-headed ogre
  1450 | D:7      | Reached skill level 9 in Long Blades
  1611 | D:7      | Reached skill level 10 in Long Blades
  1622 | D:7      | Killed a two-headed ogre
  1622 | D:7      | Reached XP level 9. HP: 31/42 MP: 10/13
  1623 | D:7      | Noticed a deep elf archer
  2005 | D:7      | Slain by a deep elf archer

Vault maps used:
D:1:      saegor_arrival_simple_b
D:2:      okawaru_altar_gauntlet_db
D:3:      ecumenical_altar_2, minmay_quantized, uniq_iyjb
D:4:      trog_hazing_becter, uniq_eustachio
D:5:      overflow_temple_1_default, fedhas_altar_3, first_bread, minivault_24
D:6:      minmay_opposing_rooms, hangedman_abyss_or_decor_stagger
D:7:      old_standard_altar, grunt_ogre_cave, minmay_the_grid_3x2

Skill      XL: |  1  2  3  4  5  6  7  8 |
---------------+-------------------------+-----
Long Blades    | 2 3 4 5 6 8 10 | 10.8
Fighting       | |  1.7
Armour         | |  0.7
Dodging        | |  0.7
Spellcasting   | |  2.1
Charms         | |  3.0

Action                   |  1- 3 |  4- 6 |  7- 9 || total
-------------------------+-------+-------+-------++-------
Melee: Falchion          |    86 |   134 |   111 ||   331
       Bite              |    20 |    44 |    60 ||   124
       Long sword        |       |       |    97 ||    97
Throw: Javelin           |       |     2 |       ||     2
  Use: Potion            |       |     2 |     3 ||     5
       Scroll            |       |       |     8 ||     8
 Stab: Sleeping          |     1 |       |       ||     1
       Invisible         |       |       |     5 ||     5
  Eat: Chunk             |       |     1 |     4 ||     5
Armor: Leather armour    |    29 |    28 |    64 ||   121
Dodge: Dodged            |    31 |    60 |    83 ||   174
Block: Other             |       |    13 |    59 ||    72
       Reflection        |       |     1 |     3 ||     4
